 Dungeon Crawl Stone Soup version 0.25-a0-1136-gc1285e62ab (webtiles) character file.

Game seed: 5022538195748501404, levelgen mode: deterministic

13070 Echocat the Fighter (level 11, -1/102 HPs)
             Began as a Minotaur Berserker on May 23, 2020.
             Was an Elder of Trog.
             Succumbed to Urug's poison
             ... on level 13 of the Dungeon.
             The game lasted 01:04:01 (14630 turns).

Echocat the Fighter (Minotaur Berserker)           Turns: 14630, Time: 01:04:02

Health: -1/102     AC: 20    Str: 26    XL:     11   Next: 70%
Magic:  2/12       EV: 11    Int:  4    God:    Trog [****..]
Gold:   662        SH:  0    Dex:  9    Spells: 10/10 levels left

rFire    . . .     SeeInvis .   G - +7 flail (drain)
rCold    . . .     Gourm    .   (no shield)
rNeg     . . .     Faith    .   n - +0 plate armour
rPois    .         Spirit   +   (helmet restricted)
rElec    .         Reflect  .   W - +1 cloak
rCorr    .         Harm     .   o - +2 pair of gloves
MR       ++...                  (no boots)
Stlth    ..........             p - amulet of guardian spirit
HPRegen  1.27/turn              j - ring of stealth
MPRegen  0.13/turn              (no ring)

@: lethally poisoned (-1 -> -13), berserk cooldown, regenerating, slowed, very
slow
A: retaliatory headbutt, horns 2
a: Berserk, Trog's Hand, Brothers in Arms, Renounce Religion


You were on level 13 of the Dungeon.
You worshipped Trog.
Trog was greatly pleased with you.
You were very hungry.

You visited 1 branch of the dungeon, and saw 13 of its levels.

You collected 662 gold pieces.

Inventory:

Hand Weapons
 d - a +0 war axe of freezing
 u - a +1 flail of holy wrath
 C - the +8 shortbow of Uhothat {vorpal, Str+4}
   (You found it on level 6 of the Dungeon)

   Any arrow fired from it inflicts extra damage.
   It affects your strength (+4).
 G - a +7 flail of draining (weapon)
 H - a +1 hand axe of electrocution
 O - a +0 scimitar of flaming
 V - a +1 hand axe of venom
 X - a +4 scimitar of protection
Missiles
 x - 16 boomerangs (quivered)
 D - 11 atropa-tipped darts
 J - 14 poisoned darts
 R - 5 boomerangs of dispersal
Armour
 b - a +2 robe of magic resistance
 n - a +0 plate armour (worn)
 o - a +2 pair of gloves (worn)
 P - a +2 robe of magic resistance
 S - the +3 ring mail of the Monkey's Uncle {rElec}
   (You found it on level 9 of the Dungeon)

   It insulates you from electricity.
 W - a +1 cloak (worn)
Jewellery
 e - an uncursed amulet of magic regeneration
 i - an uncursed ring of fire
 j - a ring of stealth (left hand)
 p - an amulet of guardian spirit (around neck)
 y - an uncursed ring of flight
 K - an uncursed ring of protection from fire
Wands
 a - a wand of iceblast (9)
 h - a wand of paralysis (8)
 w - a wand of disintegration (17)
 I - a wand of enslavement (19)
 N - a wand of polymorph (13)
Scrolls
 f - a scroll of acquirement {unknown}
 g - 2 scrolls of magic mapping
 q - 3 scrolls of identify
 r - 6 scrolls of remove curse
 s - 5 scrolls of teleportation
 t - a scroll of amnesia
 L - a scroll of enchant weapon
 T - a scroll of fear
 Y - a scroll of blinking
Potions
 k - a potion of cancellation
 z - a potion of haste
 A - 2 potions of heal wounds
 B - a potion of resistance
 U - 2 potions of stabbing
Miscellaneous
 v - a phantom mirror
Comestibles
 c - 17 rations


   Skills:
 * Level 11.4 Fighting
 + Level 4.9 Maces & Flails
   Level 5.4 Polearms
 + Level 5.5 Throwing
 * Level 10.9 Armour
 * Level 10.2 Dodging
 + Level 5.5 Stealth
 * Level 3.0 Evocations


You had 10 spell levels left.
You didn't know any spells.
Your spell library contained the following spells:

 Spells                   Type           Power        Failure   Level  Hunger
 Magic Dart               Conj           #...         99%         1    ##.....
 Sandblast                Erth           #.....       99%         1    ##.....
 Shock                    Conj/Air       #...         99%         1    ##.....
 Passwall                 Tmut/Erth      #.......     100%        2    ###....
 Searing Ray              Conj           #.....       100%        2    ###....
 Swiftness                Chrm/Air       #.......     100%        2    ###....
 Dazzling Flash           Conj/Hex       #.....       100%        3    ####...
 Static Discharge         Conj/Air       #.......     100%        3    ####...
 Stone Arrow              Conj/Erth      #.....       100%        3    ####...
 Airstrike                Air            #.........   100%        4    #####..
 Fulminant Prism          Conj/Hex       #.........   100%        4    #####..
 Iskenderun's Mystic Bla  Conj/Tloc      #.......     100%        4    #####..
 Petrify                  Tmut/Erth      #.......     100%        4    #####..
 Lee's Rapid Deconstruct  Erth           #.........   100%        5    ######.
 Lightning Bolt           Conj/Air       #.........   100%        5    ######.


Dungeon Overview and Level Annotations

Branches:
Dungeon (13/15)            Temple (0/1) D:6            Lair (0/6) D:8
    Orc (0/2) D:9
 Vaults: D:13-14

Altars:
Cheibriados
Vehumet

Annotations:
D:12 Urug


Innate Abilities, Weirdness & Mutations

You reflexively headbutt those who attack you in melee.
You have a pair of horns on your head.


Message History

You feel yourself slow down.
You are feeling very hungry.
* * * LOW HITPOINT WARNING * * *
You feel very sick.
* * * LOW HITPOINT WARNING * * *
You feel extremely sick.
* * * LOW HITPOINT WARNING * * *
You feel very sick.
* * * LOW HITPOINT WARNING * * *
You feel very sick. Urug completely misses you.
There is a stone staircase leading down here.
* * * LOW HITPOINT WARNING * * *
You feel very sick.
Urug hits you from afar with a +5 halberd of venom.
* * * LOW HITPOINT WARNING * * *
You climb downwards.
You feel a wave of frost pass over you.
There is an entrance to an ice cave on this level.
Hurry and find it before the portal melts!
You die... ##########.#..# .....[.@....... ##########..### #

There were no monsters in sight!

Vanquished Creatures
  A hydra (D:11)
  Erica (D:8)
  A two-headed ogre (D:9)
  2 ugly things (D:11)
  An elephant (D:7)
  A centaur zombie (D:8)
  A troll (D:10)
  A hornet (D:11)
  3 hippogriffs
  A wraith (D:10)
  Sigmund (D:5)
  A vampire (D:9)
  A wyvern (D:10)
  3 hogs (D:7)
  8 yaks
  A basilisk (D:7)
  A steam dragon (D:11)
  A human (D:7)
  Menkaure (D:7)
  3 ice beasts
  6 orc warriors
  An eye of draining (D:11)
  2 black bears
  2 phantoms (D:8)
  3 necrophages
  7 ogres
  2 centaurs
  2 crocodiles
  A big kobold (D:9)
  10 bullfrogs
  A wyvern zombie (D:9)
  5 scorpions
  6 killer bees (D:11)
  9 wights
  7 howler monkeys
  4 crimson imps
  2 quasits (D:10)
  2 bullfrog zombies
  A gnoll shaman (D:5)
  4 hounds
  8 orc priests
  14 orc wizards
  4 bullfrog skeletons
  A centaur skeleton (D:6)
  2 iguanas
  8 worker ants
  A hound skeleton (D:9)
  A worker ant zombie (D:6)
  13 gnolls
  14 adders
  An ooze (D:3)
  An adder skeleton (D:8)
  An adder zombie (D:8)
  A worm (D:3)
  3 dart slugs
  6 leopard geckos
  48 orcs
  A ball python (D:7)
  7 giant cockroaches
  7 hobgoblins
  5 jackals
  4 quokkas
  4 bats
  10 frilled lizards
  5 goblins
  12 kobolds
  A leopard gecko skeleton (D:8)
  7 rats
301 creatures vanquished.

Vanquished Creatures (others)
  A plant (D:2)
1 creature vanquished.

Grand Total: 302 creatures vanquished

Notes
Turn   | Place    | Note
-------+----------+-------------------------------------------
     0 | D:1      | Echocat the Minotaur Berserker began the quest for the Orb.
     0 | D:1      | Reached XP level 1. HP: 19/19 MP: 0/0
   307 | D:1      | Reached XP level 2. HP: 27/27 MP: 1/1
   339 | D:1      | Reached skill level 4 in Fighting
   368 | D:1      | Reached XP level 3. HP: 23/33 MP: 2/2
   562 | D:1      | Reached ** piety under Trog
  1250 | D:1      | Reached skill level 1 in Throwing
  1299 | D:2      | Reached XP level 4. HP: 41/41 MP: 3/3
  1624 | D:2      | Found a snail-covered altar of Cheibriados.
  1997 | D:3      | Reached skill level 1 in Stealth
  2181 | D:3      | Reached XP level 5. HP: 24/47 MP: 0/4
  2202 | D:3      | Reached *** piety under Trog
  2486 | D:3      | Reached skill level 5 in Fighting
  2848 | D:4      | Noticed an ogre
  2887 | D:3      | Killed an ogre
  2887 | D:3      | Reached XP level 6. HP: 51/56 MP: 5/5
  3814 | D:5      | Entered Level 5 of the Dungeon
  3868 | D:5      | Noticed Sigmund
  3887 | D:5      | Killed Sigmund
  3887 | D:5      | Reached skill level 6 in Fighting
  3887 | D:5      | Reached skill level 5 in Armour
  3887 | D:5      | Reached XP level 7. HP: 53/63 MP: 4/6
  4306 | D:5      | Reached skill level 5 in Dodging
  4892 | D:5      | Reached XP level 8. HP: 69/71 MP: 7/7
  5093 | D:5      | Reached skill level 7 in Fighting
  5148 | D:6      | Got a crude shortbow
  5599 | D:6      | Found a staircase to the Ecumenical Temple.
  6135 | D:5      | Reached **** piety under Trog
  6375 | D:6      | Reached skill level 8 in Fighting
  6424 | D:6      | Reached XP level 9. HP: 81/81 MP: 8/8
  7155 | D:7      | Noticed Menkaure
  7162 | D:7      | Killed Menkaure
  7784 | D:7      | Reached skill level 9 in Fighting
  8709 | D:8      | Reached skill level 1 in Maces & Flails
  8727 | D:8      | Noticed an elephant
  8744 | D:7      | Reached XP level 10. HP: 79/91 MP: 6/9
  8922 | D:7      | Killed an elephant
  8944 | D:8      | Found a staircase to the Lair.
  9326 | D:8      | Reached skill level 5 in Throwing
  9595 | D:8      | Noticed Erica
  9614 | D:8      | Killed Erica
  9614 | D:8      | Reached skill level 10 in Fighting
  9912 | D:9      | Found a staircase to the Orcish Mines.
  9939 | D:9      | Reached ***** piety under Trog
  9999 | D:9      | Noticed a two-headed ogre
 10012 | D:9      | Killed a two-headed ogre
 10012 | D:9      | Reached skill level 5 in Polearms
 10215 | D:9      | Got an ancient ring mail
 10216 | D:9      | Identified the +3 ring mail of the Monkey's Uncle {rElec}
                  | (You found it on level 9 of the Dungeon)
 10217 | D:9      | Identified the +8 shortbow of Uhothat {vorpal, Str+4} (You
                  | found it on level 6 of the Dungeon)
 10233 | D:9      | Reached skill level 5 in Stealth
 10250 | D:9      | Reached skill level 10 in Armour
 10696 | D:9      | Found a radiant altar of Vehumet.
 10830 | D:10     | Entered Level 10 of the Dungeon
 11003 | D:10     | Reached XP level 11. HP: 93/101 MP: 10/10
 11690 | D:10     | Reached skill level 1 in Evocations
 12176 | D:11     | Paralysed by a hornet for 3 turns
 12446 | D:11     | Noticed a brown ugly thing
 12456 | D:11     | Noticed a white ugly thing
 12814 | D:11     | Reached skill level 11 in Fighting
 12942 | D:11     | Killed a white ugly thing
 12945 | D:11     | Killed a white ugly thing
 12945 | D:11     | Reached skill level 10 in Dodging
 13902 | D:11     | Noticed a six-headed hydra
 13913 | D:11     | Killed a one-headed hydra
 14606 | D:12     | Noticed Urug
 14629 | D:12     | HP: 3/102 [poisoned by Urug]
 14629 | D:12     | HP: 1/102 [Urug/+5 halberd of venom (2)]
 14630 | D:13     | Succumbed to Urug's poison

Illustrated notes

Levels and vault maps discovered:
D:1:      psy_arrival_terrarium, layout_basic, minmay_domino_2
D:2:      layout_loops_ring, lemuel_coloured_pillars_altar, serial_rivers,
          chequers_serial_rivers_micro_d, chequers_serial_rivers_marsh,
          chequers_serial_rivers_small_b, chequers_serial_rivers_small_a,
          chequers_serial_rivers_room_b, lexackson_kobold_supper
D:3:      minmay_diamond_boxcup, layout_basic, chequers_hall_statues_corner_a
D:4:      layout_cave_pools
D:5:      layout_loops_corners, first_ration, uniq_sigmund
D:6:      layout_rooms, temple_fountains
D:7:      layout_loops_corners, kennysheep_small_spiral, grunt_livestock,
          uniq_menkaure
D:8:      layout_basic, david_lair_generic, uniq_erica
D:9:      layout_roguey, lemuel_round_altar, david_orc_2
D:10:     layout_grid_maze
D:11:     layout_basic, grunt_ministairs_5
D:12:     layout_grid_maze, serial_shops, shop_coins, grunt_ministairs_1,
          fungi_pond_lemuel, hangedman_decor_points, hangedman_decor_slide_cut,
          uniq_urug
D:13:     wad_bat_island, layout_rooms, gammafunk_ghost_door_vault,
          portal_ice_cave_entry_imps, feat_on_display

Skill      XL: |  1  2  3  4  5  6  7  8  9 10 11 |
---------------+----------------------------------+-----
Fighting       | 4 5 6 8 9 10 11 | 11.4
Armour         | 3 4 5 7 8 10 | 10.9
Throwing       | 1 2 3 4 5 |  5.5
Dodging        | 3 4 5 6 8 9 10 | 10.2
Stealth        | 1 2 3 4 5 |  5.5
Maces & Flails | 1 3 4 |  4.9
Polearms       | 4 5 |  5.4
Evocations     | 3 |  3.0

Action                   |  1- 3 |  4- 6 |  7- 9 | 10-12 || total
-------------------------+-------+-------+-------+-------++-------
Melee: Spear             |    82 |   167 |   352 |       ||   601
       Headbutt          |     6 |    34 |    67 |    49 ||   156
       Flail             |       |       |    29 |   272 ||   301
       War axe           |       |       |       |    11 ||    11
       Scimitar          |       |       |       |     6 ||     6
Throw: Dart              |       |       |       |    21 ||    21
       Boomerang         |       |       |       |   186 ||   186
Invok: Berserk           |       |       |     2 |     2 ||     4
       Trog's Hand       |       |       |     1 |     3 ||     4
  Use: Scroll            |     4 |     5 |     6 |    13 ||    28
       Potion            |       |       |     4 |     5 ||     9
  Eat: Ration            |     1 |     1 |     3 |     3 ||     8
       Chunk             |       |     3 |     9 |     9 ||    21
Armor: Ring mail         |    25 |    43 |       |       ||    68
       Plate armour      |       |     7 |   247 |   293 ||   547
Dodge: Dodged            |    58 |   105 |   193 |   247 ||   603
       Rpst.: Scimitar   |       |       |       |     1 ||     1

Table legend:
 A = Non-vault XP
 B = Vault XP
 C = Vault XP percentage of total XP
 D = Non-vault monster count
 E = Vault monster count
 F = Vault count percentage of total count
                 A         B        C        D         E       F
            +---------+---------+-------+---------+---------+-------
      Total |   14684 |    3988 |  21.4 |     267 |      34 |  11.3
            +---------+---------+-------+---------+---------+-------
        D:1 |      79 |       1 |   1.2 |      29 |       1 |   3.3
        D:2 |      47 |      12 |  20.3 |       9 |       8 |  47.1
        D:3 |     253 |       0 |   0.0 |      27 |       0 |   0.0
        D:4 |     270 |       0 |   0.0 |      20 |       0 |   0.0
        D:5 |    1595 |     205 |  11.4 |      35 |       1 |   2.8
        D:6 |     692 |       0 |   0.0 |      16 |       0 |   0.0
        D:7 |     517 |    1891 |  78.5 |      14 |       9 |  39.1
        D:8 |    1396 |    1165 |  45.5 |      19 |       2 |   9.5
        D:9 |    2362 |     277 |  10.5 |      23 |       7 |  23.3
       D:10 |    2345 |       0 |   0.0 |      24 |       0 |   0.0
       D:11 |    4324 |     437 |   9.2 |      46 |       6 |  11.5
       D:12 |     804 |       0 |   0.0 |       5 |       0 |   0.0
            +---------+---------+-------+---------+---------+-------
